 Dungeon Crawl Stone Soup version 0.27-a0-909-g0721f309d1 (webtiles) character file.

Game seed: 15336871198482296108

310 spiderkeys the Sneak (level 6, 0/42 HPs)
             Began as an Octopode Brigand on Apr 9, 2021.
             Slain by Dowan
             ... wielding a +0 dagger
              (3 damage)
             ... on level 4 of the Dungeon.
             The game lasted 00:05:50 (3670 turns).

spiderkeys the Sneak (Octopode Brigand)             Turns: 3670, Time: 00:05:50

Health: 0/42       AC:  1    Str: 10    XL:     6   Next: 41%
Magic:  6/6        EV: 14    Int: 13    God:
Gold:   80         SH:  0    Dex: 16    Spells: 1/5 levels left

rFire    . . .     SeeInvis .   a - +2 dagger
rCold    . . .     Faith    .   (no shield)
rNeg     . . .     Spirit   .   (helmet restricted)
rPois    .         Reflect  .   (no amulet)
rElec    .         Harm     .   (no ring)
rCorr    .         Rampage  .   (no ring)
Will     .....                  (no ring)
Stlth    ++++......             (no ring)
HPRegen  0.14/turn              (no ring)
MPRegen  0.10/turn              (no ring)
                                (no ring)
                                (no ring)

@: mighty
A: almost no armour, amphibious, 8 rings, camouflage 1, gelatinous body 1,
(nimble swimmer 1), tentacles
a: no special abilities


You were on level 4 of the Dungeon.
You visited 1 branch of the dungeon, and saw 4 of its levels.

You collected 149 gold pieces.
You spent 69 gold pieces at shops.

Inventory:

Hand Weapons
 a - a +2 dagger (weapon)
Missiles
 b - 30 poisoned darts (quivered)
Potions
 c - 3 potions of curing
 e - a potion of might
 f - a potion of lignification
 g - a potion of flight
 i - a potion of attraction
 k - 2 potions of brilliance


   Skills:
 + Level 3.3 Fighting
 + Level 3.4 Short Blades
 - Level 2.4 Throwing
 + Level 2.8 Dodging
 + Level 6.6 Stealth
 + Level 2.0 Hexes


You had one spell level left.
You knew the following spells:

 Your Spells              Type           Power      Damage    Failure   Level
a - Corona                Hex            5%         N/A       14%         1
b - Confusing Touch       Hex            5%         N/A       38%         3

Your spell library contained the following spells:

 Spells                   Type           Power      Damage    Failure   Level
 Animate Skeleton         Necr           0%         N/A       30%         1
 Apportation              Tloc           0%         N/A       30%         1
 Summon Small Mammal      Summ           0%         N/A       30%         1
 Gell's Gravitas          Tloc           0%         N/A       67%         3
 Petrify                  Tmut/Erth      0%         N/A       97%         4
 Metabolic Englaciation   Hex/Ice        1%         N/A       99%         5
 Yara's Violent Unravell  Hex/Tmut       1%         3d3       99%         5


Dungeon Overview and Level Annotations

Branches:
Dungeon (4/15)
 Temple: D:4-7

Altars:
Elyvilon
Kikubaaqudgha
The Shining One

Shops:
D:4 *

Annotations:
D:4 Dowan


Innate Abilities, Weirdness & Mutations

You cannot wear most types of armour.
You are amphibious.
You can wear up to eight rings at the same time.
Your skin changes colour to match your surroundings (Stealth+).
Your rubbery body absorbs attacks. (AC +1, EV +1)
((You are camouflaged near water. (Stealth+)))
You have tentacles for arms and can constrict up to eight enemies at once.


Message History

You constrict Duvessa. Duvessa hits you with a +0 short sword!
You hit Duvessa. You squeeze Duvessa.
Duvessa is moderately wounded.
You constrict Duvessa, but do no damage.
Duvessa closely misses you.
You hit Duvessa.
Duvessa is moderately wounded.
You constrict Duvessa. Duvessa hits you with a +0 short sword.
You hit Duvessa.
Duvessa is moderately wounded.
You constrict Duvessa. Duvessa hits you with a +0 short sword.
You hit Duvessa but do no damage.
Duvessa is moderately wounded.
You constrict Duvessa. You hit Duvessa but do no damage.
Duvessa is heavily wounded.
You constrict Duvessa. Duvessa hits you with a +0 short sword.
You are too injured to fight recklessly!
You are too injured to fight recklessly!
You hit Duvessa but do no damage.
Duvessa is heavily wounded.
You constrict Duvessa, but do no damage.
Duvessa says, "Where magic fails, the sword succeeds!"
Duvessa hits you with a +0 short sword!
* * * LOW HITPOINT WARNING * * *
It was a potion of curing.
You feel better.
You constrict Duvessa. Duvessa misses you.
You feel very mighty all of a sudden.
You constrict Duvessa. Dowan casts a spell at you. The puff of frost hits you!
* * * LOW HITPOINT WARNING * * *
Duvessa hits you with a +0 short sword.
* * * LOW HITPOINT WARNING * * *
You puncture Duvessa! You squeeze Duvessa!
You kill Duvessa!
Dowan screams, "No!
Oh no!"
Dowan seems to find hidden reserves of power!
Dowan hits you with a +0 dagger.
You die...

###.#...# .......# .#
#######.##..# .# #
......#.....## .#.#
##...........####.#.###.
..§§§..................(
##.§.)......$......(...
##§§..####+##...)..(....
§§§§§§# #...@)(.....
§§§##.## #.......e......
§§§§#..# #.........#####
§#§§#..###...........
........##.######.....
#######.##.# ##.###
#######.##.#### .#
............... .#
#######.##.####


You could see Dowan (fast).

Vanquished Creatures
  Duvessa (D:4)
  An ogre (D:4)
  A scorpion (D:3)
  A jelly (D:4)
  3 gnolls (D:3)
  3 adders (D:3)
  A worm (D:2)
  2 dart slugs (D:3)
  2 orcs
  2 bats
  5 endoplasms
  4 giant cockroaches
  8 goblins
  3 hobgoblins
  8 jackals (D:2)
  6 ball pythons
  A frilled lizard (D:3)
  7 kobolds
  14 rats
73 creatures vanquished.

Notes
Turn   | Place    | Note
-------+----------+-------------------------------------------
     0 | D:1      | spiderkeys the Octopode Brigand began the quest for the
                  | Orb.
     0 | D:1      | Reached XP level 1. HP: 14/14 MP: 1/1
    84 | D:1      | Reached XP level 2. HP: 19/19 MP: 2/2
   714 | D:2      | Reached XP level 3. HP: 20/24 MP: 3/3
  1573 | D:2      | Learned a level 1 spell: Corona
  1601 | D:3      | Reached XP level 4. HP: 20/30 MP: 4/4
  1836 | D:3      | Noticed a scorpion
  1852 | D:3      | Killed a scorpion
  1853 | D:3      | Reached skill level 6 in Stealth
  1853 | D:3      | Reached skill level 1 in Hexes
  1853 | D:3      | Reached XP level 5. HP: 9/36 MP: 5/5
  2081 | D:3      | Learned a level 3 spell: Confusing Touch
  3034 | D:3      | Found a glowing golden altar of the Shining One.
  3034 | D:3      | Found an ancient bone altar of Kikubaaqudgha.
  3042 | D:3      | Found a white marble altar of Elyvilon.
  3391 | D:4      | Noticed an ogre
  3406 | D:4      | Killed an ogre
  3407 | D:4      | Reached XP level 6. HP: 14/42 MP: 6/6
  3622 | D:4      | Found Unolet's Assorted Antiques.
  3636 | D:4      | Bought a scroll labelled LEUTHAU LOXTU for 24 gold pieces
  3636 | D:4      | Bought a scroll labelled LIPSAH DIJA for 24 gold pieces
  3636 | D:4      | Bought a dark potion for 21 gold pieces
  3653 | D:4      | Noticed Duvessa
  3659 | D:4      | Noticed Dowan
  3670 | D:4      | Killed Duvessa
  3670 | D:4      | Slain by Dowan

Illustrated notes

Levels and vault maps discovered:
D:1:      dpeg_arrival_arbitrary_c, layout_basic
D:2:      layout_loops_ring, minmay_rat_gold_closets
D:3:      layout_rooms, minitemple, roderic_lattice_a,
          hangedman_abyss_or_decor_stabs
D:4:      layout_basic, nzn_wu_jian_contemplation, serial_shops,
          nicolae_shop_window_shopping, nicolae_shop_stone,
          nicolae_shop_behind_doors, shop, uniq_duvessa, uniq_grinder

Skill      XL: |  1  2  3  4  5 |
---------------+----------------+-----
Short Blades   | 3 |  3.4
Dodging        | 2 |  2.8
Stealth        | 6 |  6.6
Hexes          | 1 2 |  2.0
Fighting       | 3 |  3.3
Throwing       | |  2.4

Action                   |  1- 3 |  4- 6 || total
-------------------------+-------+-------++-------
Melee: Dagger            |    78 |    57 ||   135
       Constrict         |    15 |    14 ||    29
       Tentacles         |    15 |    10 ||    25
Throw: Dart              |       |    19 ||    19
       Throwing net      |       |     1 ||     1
  Use: Scroll            |     2 |     9 ||    11
       Potion            |       |     2 ||     2
 Stab: Sleeping          |    18 |     8 ||    26
       Distracted        |     2 |     1 ||     3
Armor: Skin              |     3 |     2 ||     5
Dodge: Dodged            |    26 |    21 ||    47

Table legend: (Time is in decaauts)
 A = Elapsed time spent in this place.
 B = Non-inter-level travel time spent in this place.
 C = Inter-level travel time spent in this place.
 D = Time resting spent in this place.
 E = Time spent auto-exploring this place.
 F = Levels seen in this place.
 G = Mean time per level.
                   A        B        C        D        E       F      G
               +--------+--------+--------+--------+--------+-----+--------+
         Total |   3650 |   3569 |     81 |    410 |   2679 |   4 |  912.5 |
       Dungeon |   3650 |   3569 |     81 |    410 |   2679 |   4 |  912.5 |
               +--------+--------+--------+--------+--------+-----+--------+

Top non-repeatable levels by time:
     D:2: 1386 daAuts
     D:3: 1299 daAuts
     D:1: 630 daAuts
     D:4: 334 daAuts
